 Dungeon Crawl Stone Soup version 0.30.1-11-g7821555f0a (webtiles) character file.

Game seed: 2595969204196893948

2216 booth the Cleaver (level 9, -3/82 HPs)
             Began as a Minotaur Fighter on Jan 8, 2024.
             Was a Believer of Makhleb.
             Succumbed to a gnoll sergeant's poison
             ... on level 7 of the Dungeon.
             The game lasted 00:32:25 (4921 turns).

booth the Cleaver (Minotaur Fighter)                Turns: 4921, Time: 00:32:25

Health: -3/82      AC: 16    Str: 21    XL:     9   Next: 13%
Magic:  5/8        EV:  9    Int:  9    God:    Makhleb [**....]
Gold:   325        SH:  6    Dex: 10    Spells: 8/8 levels left

rFire   . . .        a - +0 war axe
rCold   . . .        c - +1 buckler
rNeg    . . .        b - +0 scale mail
rPois   .            H - +2 hat
rElec   .            (no cloak)
rCorr   .            u - +0 pair of gloves
SInv    .            o - +1 pair of boots
Will    .....        z - amulet of guardian spirit Stlth
                     v - +4 ring of protection
HPRegen 0.33/turn    (no ring)
MPRegen 0.11/turn

%: guardian spirit
@: lethally poisoned (-3 -> -37)
A: horns 2, retaliatory headbutt
a: Renounce Religion, Minor Destruction


You were on level 7 of the Dungeon.
You worshipped Makhleb.
Makhleb was pleased with you.
You visited 1 branch of the dungeon, and saw 7 of its levels.

You collected 325 gold pieces.

Inventory:

Hand Weapons
 a - a +0 war axe (weapon)
 x - a +2 flail of protection
Missiles
 w - 9 poisoned darts (quivered)
 G - 2 boomerangs
Armour
 b - a +0 scale mail (worn)
 c - a +1 buckler (worn)
 h - a +0 chain mail
 o - a +1 pair of boots (worn)
 u - a +0 pair of gloves (worn)
 y - a +0 ring mail of cold resistance
 H - a +2 hat (worn)
Jewellery
 t - a ring of ice
 v - a +4 ring of protection (left hand)
 z - an amulet of guardian spirit (around neck)
 A - an amulet of faith
Wands
 j - a wand of light (2)
 K - a wand of digging (3)
Scrolls
 g - a scroll of fog
 i - 2 scrolls of magic mapping
 n - a scroll of vulnerability
 s - 5 scrolls of teleportation
 B - a scroll of brand weapon {unknown}
 E - a scroll of immolation {unknown}
 F - a scroll of amnesia {unknown}
Potions
 d - 3 potions of might
 e - 2 potions of mutation
 k - 3 potions of attraction
 l - 3 potions of haste
 m - 3 potions of flight
 p - a potion of lignification {unknown}
 q - a potion of berserk rage {unknown}
 r - a potion of ambrosia
 C - a potion of invisibility {unknown}
 D - a potion of curing {unknown}
 I - a potion of magic {unknown}
 J - a potion of degeneration {unknown}


   Skills:
 + Level 8.7 Fighting
 + Level 11.0 Axes
 + Level 2.2 Throwing
 + Level 4.8 Armour
 + Level 0.7 Dodging
 + Level 4.9 Shields


You had 8 spell levels left.
You didn't know any spells.
Your spell library contained the following spells:

 Spells                   Type           Power      Damage    Failure   Level
 Apportation              Tloc           0%         N/A       78%         1
 Magic Dart               Conj           0%         1d3       78%         1
 Necrotise                Necr           0%         1d4       78%         1
 Slow                     Hex            0%         N/A       78%         1
 Summon Small Mammal      Summ           0%         N/A       78%         1
 Ensorcelled Hibernation  Hex/Ice        0%         N/A       89%         2
 Passwall                 Tmut/Erth      0%         N/A       89%         2
 Searing Ray              Conj           0%         2d4       89%         2
 Confusing Touch          Hex            0%         N/A       98%         3
 Frozen Ramparts          Ice            0%         1d1       98%         3
 Swiftness                Air            0%         N/A       98%         3
 Vampiric Draining        Necr           0%         2d6       98%         3
 Fulminant Prism          Conj/Hex       0%         3d5       100%        4
 Ice Form                 Ice/Tmut       0%         N/A       100%        4
 Summon Ice Beast         Ice/Summ       0%         N/A       100%        4
 Simulacrum               Ice/Necr       0%         N/A       100%        6
 Ozocubu's Refrigeration  Ice            0%         4d7       100%        7
 Polar Vortex             Ice            0%         N/A       100%        9


Dungeon Overview and Level Annotations

Branches:
Dungeon (7/15)             Temple (0/1) D:6

Altars:
Dithmenos
Makhleb


Innate Abilities, Weirdness & Mutations

You have a pair of horns on your head.
You reflexively headbutt those who attack you in melee.


Message History

The gnoll is severely wounded.
You barely miss the gnoll sergeant. You hit the gnoll.
You feel very sick. The gnoll misses you. You furiously retaliate!
You headbutt the gnoll!
You kill the gnoll!
Makhleb accepts your kill.
You feel better. The gnoll barely misses you. You furiously retaliate!
You headbutt the gnoll!
You kill the gnoll!
Makhleb accepts your kill.
You feel better.
The gnoll sergeant hits you but does no damage.
You are more poisoned.
You hit the gnoll sergeant but do no damage.
The gnoll sergeant is moderately wounded.
You feel extremely sick.
The gnoll sergeant hits you but does no damage.
You are more poisoned.
You hit the gnoll sergeant. You headbutt the gnoll sergeant.
The gnoll sergeant is heavily wounded.
You feel extremely sick.
The gnoll sergeant hits you with a +1 trident of venom!
* * * LOW HITPOINT WARNING * * *
You are more poisoned.
You hit the gnoll sergeant.
The gnoll sergeant is almost dead.
* * * LOW HITPOINT WARNING * * *
You feel extremely sick. You block the gnoll sergeant's attack.
You barely miss the gnoll sergeant.
Your headbutt misses the gnoll sergeant.
The gnoll sergeant is almost dead.
* * * LOW HITPOINT WARNING * * *
You feel extremely sick.
The gnoll sergeant hits you but does no damage.
You are more poisoned.
Okay, then.
As you read the scroll of summoning, it crumbles to dust.
Wisps of shadow whirl around you...
You die...

# ..... . .... #
#..## # #...# #
#...# # #..# #
#gf### #
####)@).### #
#....))...# # #
#......Y..# ......
#....![...# .####.
#.........# .# #.
#######..#######.#
#. ##.........# #.
###...#..## #.
###.#..## #.


You could see a gnoll sergeant (ally target), a friendly ice beast (summoned)
and a friendly sleepcap (summoned).

Vanquished Creatures
  Pikel (D:5)
  Grinder (D:4)
  Sigmund (D:4)
  A water moccasin (D:6)
  Duvessa (D:4)
  2 black bears
  2 ogres
  A centaur (D:7)
  A lemure (D:5)
  A phantom (D:6)
  A bullfrog (D:6)
  Dowan (D:4)
  A howler monkey (D:5)
  A jelly (D:7)
  3 orc priests
  2 sleepcaps
  An iguana (D:4)
  2 orc wizards
  10 adders
  4 gnolls (D:7)
  A shadow imp (D:6)
  2 white imps
  2 worms
  3 dart slugs
  23 orcs
  5 endoplasms
  6 giant cockroaches
  9 goblins
  6 hobgoblins
  6 jackals
  8 kobolds
  5 quokkas
  5 ball pythons
  5 bats
  3 frilled lizards
  5 rats
132 creatures vanquished.

Notes
Turn   | Place    | Note
-------+----------+-------------------------------------------
     0 | D:1      | booth the Minotaur Fighter began the quest for the Orb.
     0 | D:1      | Reached XP level 1. HP: 19/19 MP: 0/0
   138 | D:1      | Reached XP level 2. HP: 27/27 MP: 1/1
   166 | D:1      | Found a faded altar of an unknown god.
   179 | D:1      | Reached skill level 3 in Axes
   682 | D:2      | Reached XP level 3. HP: 33/33 MP: 2/2
   718 | D:2      | Found a burning altar of Makhleb.
   745 | D:2      | Reached skill level 4 in Axes
   934 | D:2      | Reached XP level 4. HP: 41/41 MP: 3/3
  1028 | D:2      | Noticed a black bear
  1041 | D:2      | Killed a black bear
  1042 | D:2      | Reached skill level 5 in Fighting
  1042 | D:2      | Reached skill level 5 in Axes
  1042 | D:2      | Reached XP level 5. HP: 42/48 MP: 4/4
  1230 | D:2      | Became a worshipper of Makhleb the Destroyer
  1723 | D:3      | Reached skill level 6 in Axes
  2011 | D:4      | Reached * piety under Makhleb
  2093 | D:4      | Reached XP level 6. HP: 56/56 MP: 5/5
  2125 | D:4      | Noticed Duvessa
  2125 | D:4      | Noticed Dowan
  2149 | D:4      | Killed Duvessa
  2153 | D:4      | Killed Dowan
  2154 | D:4      | Reached skill level 7 in Axes
  2362 | D:4      | Found a shadowy altar of Dithmenos.
  2458 | D:4      | Noticed Sigmund
  2474 | D:4      | Killed Sigmund
  2475 | D:4      | Reached skill level 8 in Axes
  2475 | D:4      | Reached XP level 7. HP: 64/64 MP: 6/6
  2809 | D:4      | Noticed Grinder
  2824 | D:4      | Killed Grinder
  2825 | D:4      | Reached skill level 9 in Axes
  3149 | D:5      | Entered Level 5 of the Dungeon
  3176 | D:5      | Reached XP level 8. HP: 73/73 MP: 7/7
  3297 | D:5      | Noticed Pikel
  3306 | D:5      | Killed Pikel
  3307 | D:5      | Reached skill level 10 in Axes
  3771 | D:6      | Reached ** piety under Makhleb
  3928 | D:6      | Reached skill level 1 in Throwing
  4343 | D:6      | Found a staircase to the Ecumenical Temple.
  4378 | D:6      | Reached XP level 9. HP: 66/82 MP: 4/8
  4912 | D:7      | Reached skill level 11 in Axes
  4921 | D:7      | Succumbed to a gnoll sergeant's poison

Illustrated notes

Levels and vault maps discovered:
D:1:      psy_arrival_spokes, layout_rooms,
          shapermc_ecumenical_altar_starsandcircs, minmay_close_crescents
D:2:      layout_rooms, basic_altar, kennysheep_generic_room_14
D:3:      layout_loops_cross, minmay_misc_feat_rugged
D:4:      layout_gridville, nicolae_dithmenos_the_darkroom, minmay_cut_off,
          uniq_sigmund, uniq_duvessa, uniq_grinder
D:5:      layout_cave_pools, uniq_pikel
D:6:      layout_basic, temple_pool_b, hex_intersection
D:7:      layout_rooms, uniq_maggie

Skill      XL: |  1  2  3  4  5  6  7  8  9 |
---------------+----------------------------+-----
Axes           | 3 4 5 6 8 9 10 11 | 11.0
Fighting       | 4 5 6 7 8 |  8.7
Armour         | 4 |  4.8
Shields        | 4 |  4.9
Throwing       | 1 2 |  2.2
Dodging        | |  0.7

Action                     |  1- 3 |  4- 6 |  7- 9 || total
---------------------------+-------+-------+-------++-------
  Melee: War axe           |   100 |   112 |   127 ||   339
         Headbutt          |     9 |    20 |    20 ||    49
  Throw: Dart              |     4 |    11 |    13 ||    28
    Use: Scroll            |     3 |     6 |     5 ||    14
         Potion            |       |       |     2 ||     2
 Armour: Scale mail        |    50 |    46 |    75 ||   171
  Dodge: Dodged            |    45 |    41 |    51 ||   137
  Block: Buckler           |    22 |    15 |    30 ||    67
